 Dungeon Crawl Stone Soup version 0.17.1-3-g152610e (webtiles) character file.

105914 ckam the Tortoise (level 15, -21/150 HPs)
             Began as a Minotaur Berserker on Feb 16, 2016.
             Was the Champion of Trog.
             Demolished by a large slime creature (27 damage)
             ... on level 12 of the Dungeon on Feb 19, 2016.
             The game lasted 01:55:56 (37396 turns).

ckam the Tortoise (Minotaur Berserker)             Turns: 37396, Time: 01:55:56

Health: -21/150    AC: 23    Str: 23    XL:     15   Next: 96%
Magic:  14/14      EV: 14    Int: 10    God:    Trog [******]
Gold:   2212       SH:  6    Dex: 15    Spells: 0 memorised, 14 levels left

rFire  . . .     SeeInvis .     W - +5 demon trident
rCold  + . .     Clarity  +     p - +2 plate armour {MR+}
rNeg   . . .     SustAt   .     u - +0 buckler of Temu {rPois Slay+2}
rPois  +         Gourm    +     C - +1 hat {Int+3}
rElec  .         Spirit   .     (no cloak)
rCorr  .         Warding  .     a - +2 pair of gloves of the Ten Spirits {-Cast rPois Regen+ Int+3}
rMut   .         Stasis   .     P - +1 pair of boots
MR     ++...     NoCast   +     n - amulet of the gourmand
Stlth  ..........               R - +3 ring of evasion
                                B - ring of protection from cold

@: very resistant to hostile enchantments, extremely unstealthy
A: retaliatory headbutt, hooves 1, horns 2, clarity, deformed body
a: Berserk, Trog's Hand, Brothers in Arms, Burn Spellbooks, Renounce Religion


You were on level 12 of the Dungeon.
You worshipped Trog.
Trog was exalted by your worship.
You were not hungry.

You visited 3 branches of the dungeon, and saw 24 of its levels.
You visited the Abyss 1 time.
You also visited: Labyrinth and Volcano.

You collected 2849 gold pieces.
You spent 637 gold pieces at shops.

Inventory:

Hand Weapons
 m - the +2 trident "Bahec" {pain, rN+}
   (You found it on level 8 of the Dungeon)

   In the hands of one skilled in necromantic magic, it inflicts extra damage on
   living creatures.
   It protects you from negative energy.
 H - a +2 spear of distortion
 J - a +4 glaive of protection
 W - a +5 demon trident (weapon)
Armour
 a - the +2 pair of gloves of the Ten Spirits (worn) {-Cast rPois Regen+ Int+3}
   (You found it in a volcano)

   It affects your intelligence (+3).
   It protects you from poison.
   It prevents spellcasting.
   It increases your rate of regeneration.
 h - a +0 plate armour of poison resistance
 o - a +0 chain mail of magic resistance
 p - a +2 plate armour of magic resistance (worn)
 u - the +0 buckler of Temu (worn) {rPois Slay+2}
   (You bought it in a shop on level 4 of the Orcish Mines)

   It affects your accuracy and damage with ranged weapons and melee attacks
   (+2).
   It protects you from poison.
 C - a +1 hat of intelligence (worn)
 P - a +1 pair of boots (worn)
Rods
 w - a +0 rod of the swarm (9/9)
   (You took it off a minotaur in a labyrinth)
Jewellery
 n - an amulet of the gourmand (around neck)
 x - a +2 ring of evasion {hihi}
 A - an uncursed ring of positive energy
 B - a ring of protection from cold (left hand)
 L - an uncursed ring of sustain attributes
 M - an uncursed ring of ice
 N - an uncursed ring of see invisible
 R - a +3 ring of evasion (right hand)
 S - an uncursed ring of magical power
 T - an uncursed ring of poison resistance
 V - an uncursed amulet of rage
Wands
 r - a wand of digging (5)
 z - a wand of heal wounds (3)
 Q - a wand of disintegration (13)
 Y - a wand of digging (11)
Scrolls
 e - 2 scrolls of enchant armour
 g - 2 scrolls of recharging
 l - 13 scrolls of remove curse
 q - 6 scrolls of magic mapping
 y - 12 scrolls of identify
 D - a scroll of silence
 E - 5 scrolls of teleportation
 G - 6 scrolls of blinking
 O - 7 scrolls of enchant weapon
 U - a scroll of fog
 X - 2 scrolls of holy word
Potions
 b - a potion of flight
 d - a potion of resistance
 j - a potion of cancellation
 k - 12 potions of curing
 t - 2 potions of heal wounds
 v - 2 potions of berserk rage
 Z - a potion of invisibility
Comestibles
 c - 11 bread rations
 f - 15 meat rations
 i - 5 beef jerkies
 s - 4 royal jellies
 F - 3 slices of pizza
 K - 25 fruits


   Skills:
 - Level 18.5 Fighting
 - Level 17.0 Polearms
 - Level 19.3 Armour
 - Level 6.3 Dodging
 - Level 0.3 Stealth
 + Level 6.5 Shields


You had 14 spell levels left.
You didn't know any spells.

Dungeon Overview and Level Annotations

Branches:
Dungeon (12/15)            Temple (0/1) D:4            Lair (8/8) D:8
  Swamp (0/4) Lair:6       Spider (0/4) Lair:6        Slime (0/6) Lair:6
    Orc (4/4) D:9             Elf (0/3) Orc:3

Altars:
Ashenzari
Elyvilon
Fedhas
Gozag
Kikubaaqudgha
Nemelex Xobeh
Ru
Xom
Yredelemnul
The Shining One
Beogh

Shops:
D:5 ?***   D:10 }   D:11 [   Orc:1 (   Orc:3 ?   Orc:4 ?[[(

Annotations:
D:8 exclusion: oklob plant


Innate Abilities, Weirdness & Mutations

You reflexively headbutt those who attack you in melee.
You have a pair of horns on your head.
You have large cloven feet.
You possess an exceptional clarity of mind.
Armour fits poorly on your strangely shaped body.


Message History

You barely miss the large slime creature.
The large slime creature is severely wounded.
The large slime creature hits you!!
* * * LOW HITPOINT WARNING * * *
The large slime creature completely misses you.
You hit the large slime creature. You headbutt the large slime creature!
The large slime creature is almost dead.
The shadow hits you.
* * * LOW HITPOINT WARNING * * *
The large slime creature hits you but does no damage.
You puncture the large slime creature! You headbutt the large slime creature.
The large slime creature is almost dead.
The orc warrior barely misses you. The large slime creature hits you!!
* * * LOW HITPOINT WARNING * * *
The shadow hits you.
You hit the large slime creature. You headbutt the large slime creature!
You kill the large slime creature!
Trog accepts your kill. The large slime creature hits you!!
You die...

##+ #.. #.# #.# #.#
#W# #.# ##@######
#.# #/.J....# #.#
#..oo...#######.#
#.......'.....#.###
+....?..#####......
#.......# ###.##.
#.......# #.###
#.......# #.#
###+##### #.#


You could see a large slime creature, an orc warrior, a shadow and an orc
priest.

Vanquished Creatures
  Gastronok (D:11)
  Maud (D:11)
  2 orc warlords (Orc:3)
  Snorg (Lair:7)
  A minotaur (Lab)
  Josephine (Lair:5)
  7 hydras
  A catoblepas (Lair:8)
  A queen ant (Lair:7)
  A deep troll shaman (Lair:8)
  15 death yaks
  A tengu warrior (D:11)
  5 orc high priests
  Sonja (D:12)
  A fire crab (Lair:5)
  The ghost of Antondotnet the Protected, a novice DDBe of Trog (D:6)
  A lindwurm (Lair:8)
  11 orc knights
  An oklob plant (Lair:6)
  2 hill giants
  6 griffons
  2 orc sorcerers (Orc:3)
  2 toenail golems (Volcano)
  14 elephants
  A cyclops (Orc:2)
  6 black mambas
  A gargoyle (D:11)
  14 spiny frogs
  16 komodo dragons
  2 fire drakes
  A tengu conjurer (D:11)
  4 polar bears
  2 slime creatures (D:12)
  4 trolls
  A boulder beetle (Lair:5)
  A two-headed ogre (D:9)
  23 blink frogs
  A jumping spider (Lair:6)
  A trapdoor spider (Lab)
  A spriggan (D:7)
  4 wraiths (Lair:5)
  56 yaks
  3 basilisks
  2 deep elf magi
  3 hungry ghosts
  4 humans (Volcano)
  Menkaure (D:7)
  A steam dragon (Lair:5)
  47 wolves
  2 wargs (Orc:1)
  16 soldier ants (Lair:7)
  12 water moccasins
  7 hippogriffs
  4 sky beasts
  54 orc warriors
  4 centaurs
  3 ice beasts
  10 ogres
  13 porcupines
  An eye of draining (D:11)
  A necrophage (D:9)
  9 black bears
  2 phantoms
  16 crocodiles
  A big kobold (D:6)
  19 giant frogs
  A gnoll sergeant (D:11)
  A small abomination (Abyss:1)
  4 scorpions
  5 killer bees (D:11)
  An electric eel (Lair:5)
  A quasit (D:11)
  A wasp zombie (D:9)
  59 orc priests
  A centaur zombie (D:7)
  5 crimson imps
  28 orc wizards
  5 wights (D:7)
  14 jellies
  6 iguanas
  A giant frog skeleton (D:5)
  36 worker ants
  Terence (D:2)
  Natasha (thrice) (D:3)
  35 sheep
  2 hound zombies
  59 river rats
  13 adders
  15 gnolls
  3 shadow imps
  10 oozes
  3 adder skeletons
  An adder zombie (D:6)
  2 worms
  5 giant geckos
  227 orcs
  8 bats
  5 giant cockroaches
  20 hobgoblins
  12 jackals
  9 kobolds
  5 quokkas
  A giant gecko zombie (D:5)
  11 giant newts
  6 goblins
  A jackal skeleton (D:4)
  9 rats
  4 plants (Lair:7)
1093 creatures vanquished.

Vanquished Creatures (collateral kills)
  An orc warlord (Orc:2)
  A hydra (Lair:8)
  A catoblepas (Lair:8)
  3 death yaks
  An orc high priest (Orc:2)
  2 orc knights
  An orc sorcerer (Orc:2)
  A fire drake (Lair:8)
  5 blink frogs (Lair:5)
  3 polar bears (Lair:1)
  4 wolves
  2 wargs (Orc:3)
  3 orc warriors
  A black bear (Lair:1)
  A crocodile (Lair:1)
  An orc priest (Orc:3)
  4 orcs
35 creatures vanquished.

Vanquished Creatures (others)
  A death yak (Lair:8)
  31 fungi
  25 plants
57 creatures vanquished.

Grand Total: 1185 creatures vanquished

Notes
Turn   | Place    | Note
--------------------------------------------------------------
     0 | D:1      | ckam the Minotaur Berserker began the quest for the Orb.
     0 | D:1      | Reached XP level 1. HP: 19/19 MP: 0/0
   341 | D:1      | Reached XP level 2. HP: 27/27 MP: 1/1
   445 | D:1      | Reached skill level 4 in Polearms
   872 | D:1      | Reached ** piety under Trog
   932 | D:1      | Reached XP level 3. HP: 19/33 MP: 2/2
  1517 | D:2      | Reached XP level 4. HP: 39/41 MP: 3/3
  1530 | D:2      | Noticed Terence
  1562 | D:2      | Killed Terence
  1787 | D:3      | Found a sacrificial altar of Ru.
  1826 | D:3      | Reached XP level 5. HP: 42/47 MP: 4/4
  1920 | D:3      | Reached *** piety under Trog
  1970 | D:3      | Noticed Natasha
  1988 | D:3      | Killed Natasha
  2076 | D:3      | Noticed Natasha
  2086 | D:3      | Killed Natasha
  2086 | D:3      | Noticed Natasha
  2095 | D:3      | Killed Natasha
  2513 | D:3      | Reached skill level 5 in Fighting
  2513 | D:3      | Reached skill level 5 in Polearms
  2513 | D:3      | Reached XP level 6. HP: 21/56 MP: 5/5
  2932 | D:4      | Found a white marble altar of Elyvilon.
  2952 | D:4      | Found a shimmering altar of Xom.
  2952 | D:4      | Found a basalt altar of Yredelemnul.
  2955 | D:4      | Found an ancient bone altar of Kikubaaqudgha.
  3046 | D:4      | Reached skill level 5 in Armour
  3048 | D:4      | Reached **** piety under Trog
  3169 | D:4      | Found a staircase to the Ecumenical Temple.
  3264 | D:4      | Reached XP level 7. HP: 59/62 MP: 6/6
  3317 | D:4      | Found a glowing golden altar of the Shining One.
  3510 | D:5      | Entered Level 5 of the Dungeon
  3543 | D:5      | Reached skill level 6 in Polearms
  3584 | D:5      | Found Cumufai's Magic Scroll Shop.
  3596 | D:5      | Bought a scroll of identify for 26 gold pieces
  3596 | D:5      | Bought a scroll of teleportation for 39 gold pieces
  3596 | D:5      | Bought a scroll of enchant weapon for 97 gold pieces
  3596 | D:5      | Cast into the Abyss (a distortion unwield)
  3606 | Abyss:1  | Found a corrupted altar of Lugonu.
  3666 | D:5      | Escaped the Abyss
  3898 | D:5      | Reached skill level 7 in Polearms
  3967 | D:5      | Found an opulent altar of Gozag.
  3967 | D:5      | Found a sparkling altar of Nemelex Xobeh.
  4025 | D:5      | Got a crystal falchion
  4026 | D:5      | Identified the +5 falchion of Eternal Night {drain, *Noise rF++ Str+5} (You found it on level 5 of the Dungeon)
  4127 | D:5      | Reached skill level 8 in Polearms
  4219 | D:5      | Reached XP level 8. HP: 70/70 MP: 7/7
  4254 | D:5      | Found Ilyec's Assorted Antiques.
  4273 | D:5      | Found Ylegaeme's Assorted Antiques.
  4295 | D:5      | Bought a diamond ring for 135 gold pieces
  4303 | D:5      | Noticed a deep elf mage
  4315 | D:5      | Killed a deep elf mage
  4315 | D:5      | Reached skill level 9 in Polearms
  4358 | D:5      | Found Tixiah Zofyu's General Store.
  4431 | D:6      | Reached ***** piety under Trog
  4808 | D:6      | Noticed Antondotnet's ghost (novice DDBe)
  4850 | D:6      | Killed Antondotnet's ghost
  4850 | D:6      | Reached skill level 10 in Fighting
  4850 | D:6      | Reached XP level 9. HP: 48/85 MP: 8/8
  5404 | D:7      | Reached skill level 11 in Fighting
  5735 | D:7      | Noticed Menkaure
  5738 | D:7      | Killed Menkaure
  5755 | D:7      | Reached skill level 12 in Fighting
  6185 | D:8      | Got a bloodstained trident
  6187 | D:8      | Identified the +2 trident "Bahec" {pain, rN+} (You found it on level 8 of the Dungeon)
  6221 | D:8      | Found a staircase to the Lair.
  6221 | D:8      | Noticed a fire drake
  6228 | D:8      | Killed a fire drake
  6228 | D:8      | Reached skill level 13 in Fighting
  6228 | D:8      | Reached XP level 10. HP: 74/101 MP: 9/9
  6764 | D:8      | Found a blossoming altar of Fedhas.
  6779 | D:8      | Noticed an oklob plant
  6874 | Lair:1   | Entered Level 1 of the Lair of Beasts
  6892 | Lair:1   | Found a labyrinth entrance.
  6917 | Lair:1   | Reached skill level 14 in Fighting
  6924 | Lab      | Entered a labyrinth
  7737 | Lab      | Noticed a minotaur
  7764 | Lab      | Killed a minotaur
  7799 | Lab      | Identified the Grimoire of the Voyage and the Escort
  7828 | Lair:1   | Reached skill level 15 in Fighting
  8122 | Lair:1   | Reached skill level 10 in Polearms
  8340 | Lair:1   | Reached XP level 11. HP: 8/113 MP: 10/10
 10194 | Lair:1   | Identified the Collected Works on the Volcanoes
 10852 | Lair:2   | Received a gift from Trog
 11123 | Lair:2   | Reached skill level 15 in Polearms
 11450 | Lair:2   | Reached XP level 12. HP: 108/121 MP: 11/11
 11838 | Lair:3   | Noticed a six-headed hydra
 11857 | Lair:3   | Killed a six-headed hydra
 11857 | Lair:3   | Reached skill level 16 in Polearms
 12803 | Lair:3   | Received a gift from Trog
 13172 | Lair:3   | Reached skill level 17 in Polearms
 13196 | Lair:4   | Noticed a six-headed hydra
 13211 | Lair:4   | Killed a six-headed hydra
 13956 | Lair:4   | Noticed a seven-headed hydra
 14006 | Lair:4   | Killed a seven-headed hydra
 14131 | Lair:4   | Reached ****** piety under Trog
 14135 | Lair:4   | Received a gift from Trog
 14225 | Lair:4   | Reached skill level 10 in Armour
 14752 | Lair:5   | Reached XP level 13. HP: 76/127 MP: 12/12
 16452 | Lair:5   | Noticed Josephine
 16476 | Lair:5   | Killed Josephine
 17053 | Lair:5   | Noticed a six-headed hydra
 17064 | Lair:5   | Killed a six-headed hydra
 17681 | Lair:6   | Received a gift from Trog
 17741 | Lair:6   | Found a hole to the Spider Nest.
 17824 | Lair:6   | Found a staircase to the Swamp.
 17833 | Lair:6   | Found a staircase to the Slime Pits.
 19616 | Lair:6   | Reached skill level 15 in Armour
 19973 | Lair:7   | Reached skill level 5 in Dodging
 19982 | Lair:7   | Received a gift from Trog
 20177 | Lair:7   | Noticed Snorg
 20197 | Lair:7   | Killed Snorg
 20267 | Lair:7   | Reached XP level 14. HP: 47/136 MP: 13/13
 21817 | Lair:7   | Received a gift from Trog
 22095 | Lair:8   | Entered Level 8 of the Lair of Beasts
 22127 | Lair:8   | Found a frozen archway.
 23615 | Lair:7   | Received a gift from Trog
 24241 | Lair:7   | Upgraded the game from 0.17.1-2-g5865329 to 0.17.1-3-g152610e
 25720 | Lair:7   | Reached skill level 18 in Armour
 26431 | Lair:8   | Reached XP level 15. HP: 135/147 MP: 14/14
 26944 | D:9      | Received a gift from Trog
 27026 | D:9      | Found a staircase to the Orcish Mines.
 27089 | D:9      | Identified the Handbook of Attacks and Flight
 27460 | Orc:1    | Entered Level 1 of the Orcish Mines
 27533 | Orc:1    | Received a gift from Trog
 28010 | Orc:2    | Found a roughly hewn altar of Beogh.
 30506 | Orc:2    | Received a gift from Trog
 30829 | Orc:2    | Found a roughly hewn altar of Beogh.
 31709 | Orc:1    | Found Fazib's Weapon Shop.
 31922 | Orc:3    | Received a gift from Trog
 31941 | Orc:3    | Found a staircase to the Elven Halls.
 32426 | Orc:3    | Found Jynafuig's Magic Scroll Shoppe.
 32436 | Orc:3    | Bought a scroll of enchant armour for 112 gold pieces
 32469 | Orc:3    | Found a dark tunnel.
 32493 | Volcano  | Entered a volcano
 32637 | Volcano  | Got a pair of shimmering gloves
 32643 | Volcano  | Identified the +2 pair of gloves of the Ten Spirits {-Cast rPois Regen+ Int+3} (You found it in a volcano)
 32754 | Orc:3    | Found a roughly hewn altar of Beogh.
 33449 | Orc:3    | Paralysed by an orc sorcerer for 4 turns
 33516 | Orc:3    | Reached skill level 19 in Armour
 33850 | Orc:4    | Entered Level 4 of the Orcish Mines
 33882 | Orc:4    | Received a gift from Trog
 34725 | Orc:4    | Received a gift from Trog
 35274 | Orc:4    | Found Bomn's Antique Weapon Boutique.
 35277 | Orc:4    | Found Viututh's Armour Shop.
 35278 | Orc:4    | Found Kealem's Magic Scroll Boutique.
 35279 | Orc:4    | Found Edaceh's Antique Armour Boutique.
 35285 | Orc:4    | Bought an ichor-stained buckler for 228 gold pieces
 35291 | Orc:4    | Identified the +0 buckler of Temu {rPois Slay+2} (You bought it in a shop on level 4 of the Orcish Mines)
 35457 | D:10     | Entered Level 10 of the Dungeon
 35557 | D:10     | Reached skill level 1 in Shields
 35708 | D:10     | Found Caasisey's Gadget Shoppe.
 36368 | D:11     | Noticed Gastronok
 36385 | D:11     | Killed Gastronok
 36643 | D:11     | Noticed Maud
 36676 | D:11     | Killed Maud
 36676 | D:11     | Received a gift from Trog
 36676 | D:11     | Reached skill level 5 in Shields
 36781 | D:11     | Found Zilycraiwa's Armour Emporium.
 37027 | D:12     | Found a shattered altar of Ashenzari.
 37038 | D:12     | Gained mutation: You have large cloven feet. [potion of mutation]
 37038 | D:12     | Gained mutation: Armour fits poorly on your strangely shaped body. [potion of mutation]
 37038 | D:12     | Gained mutation: You possess an exceptional clarity of mind. [potion of mutation]
 37176 | D:12     | Noticed Sonja
 37185 | D:12     | Killed Sonja
 37395 | D:12     | HP: 5/150 [large slime creature (24)]
 37396 | D:12     | Demolished by a large slime creature

Action                   |  1- 3 |  4- 6 |  7- 9 | 10-12 | 13-15 || total
-------------------------+-------+-------+-------+-------+-------++-------
Melee: Spear             |   124 |    29 |     6 |       |       ||   159
       Trident           |       |   159 |   389 |   841 |  2864 ||  4253
       Demon trident     |       |       |       |       |    60 ||    60
Invok: Berserk           |     1 |     3 |       |     6 |    18 ||    28
       Brothers in Arms  |       |       |       |     2 |    15 ||    17
       Burn Spellbooks   |       |       |       |       |     1 ||     1
       Trog's Hand       |       |       |       |       |     1 ||     1
  Use: Scroll            |       |       |     8 |       |     9 ||    17
       Potion            |       |       |    11 |     1 |     6 ||    18
 Stab: Distracted        |       |       |       |       |     1 ||     1
  Eat: Chunk             |     3 |    19 |     9 |    30 |    91 ||   152
       Bread ration      |       |       |       |     2 |       ||     2
